HSSL
OTSEGO HS BULLDOGS @ JEFFERSONVILLE-YOUNGSVILLE CENTRAL HS TROJANS
05/15/2026
 
TOP OF THE 1ST
Otsego HS Bulldogs batting - Pitching for Jeffersonville-Youngsville Central HS Trojans : RHP Dan McCullough
Pitching: RHP Dan McCullough
Batting: RHB Tommy Miller 0-0: Called Strike
0-1: Swinging Strike
0-2: Ball
1-2: Strikes out swinging
Batting: RHB Jody Stewart 0-0: Swinging Strike
0-1: Ball
1-1: Foul Ball, location: 2F
1-2: SINGLE (Groundball, 56D)
Batting: RHB Dave Marshall 0-0: Ball
1-0: Ball
2-0: Ball
3-0: Base on Balls
Jody Stewart to second
Batting: LHB Bill Poe 0-0: Ball
1-0: SINGLE (Groundball, 4MD)
Jody Stewart to third
Dave Marshall to second
Batting: SHB Dave Hickman 0-0: SINGLE (Line Drive, 6D)
Jody Stewart scores
Dave Marshall to third
Bill Poe to second
Batting: LHB Dave Wilkinson 0-0: Ball
1-0: Foul Ball, location: 2F
1-1: Ball
2-1: Foul Ball, location: 2F
2-2: Foul Ball, location: 2F
2-2: Foul Ball, location: 2F
2-2: Ball
3-2: Fly out, F8 (Flyball, 8RM)
Runner from 3rd tags up, SCORES, throw made
Batting: RHB Michael Carr 0-0: Fielders Choice at 2nd, U4 (Groundball, 4M)
Top of the 1st over - 2 run(s), 3 hit(s), 0 error(s), 2 left on base; Otsego HS 2 - Jeffersonville-Youngsville Central HS 0
BOTTOM OF THE 1ST
Jeffersonville-Youngsville Central HS Trojans batting - Pitching for Otsego HS Bulldogs : RHP Mike Spencer
Pitching: RHP Mike Spencer
Batting: RHB Albert Smedley 0-0: Foul Ball, location: 2F
0-1: Fly out, F8 (Flyball, 8RM)
Batting: RHB Albert Hunt 0-0: Ball
1-0: Ball
2-0: Fly out, F6 (Popup, 6D)
Batting: LHB Abel Wheeler 0-0: Called Strike
0-1: Called Strike
0-2: Ball
1-2: Ball
2-2: Strikes out swinging
Bottom of the 1st over - 0 run(s), 0 hit(s), 0 error(s), 0 left on base; Otsego HS 2 - Jeffersonville-Youngsville Central HS 0
TOP OF THE 2ND
Otsego HS Bulldogs batting - Pitching for Jeffersonville-Youngsville Central HS Trojans : RHP Dan McCullough
Batting: LHB José Serrano 0-0: Called Strike
0-1: Called Strike
0-2: Ball
1-2: Foul Ball, location: 2F
1-2: Foul Ball, location: 2F
1-2: Foul Ball, location: 2F
1-2: Strikes out swinging
Batting: RHB Tim Anderson 0-0: SINGLE (Groundball, 56D)
Batting: RHB Tommy Miller 0-0: Fly out, F9 (Flyball, 9M)
Batting: RHB Jody Stewart 0-0: Ball
1-0: Foul Ball, location: 2F
1-1: Ball
2-1: Ball
3-1: Fly out, F9 (Flyball, 89M)
Top of the 2nd over - 0 run(s), 1 hit(s), 0 error(s), 1 left on base; Otsego HS 2 - Jeffersonville-Youngsville Central HS 0
BOTTOM OF THE 2ND
Jeffersonville-Youngsville Central HS Trojans batting - Pitching for Otsego HS Bulldogs : RHP Mike Spencer
Batting: LHB Allen Boyd 0-0: Called Strike
0-1: Ball
1-1: Swinging Strike
1-2: Foul Ball, location: 2F
1-2: Foul Ball, location: 2F
1-2: Foul Ball, location: 2F
1-2: Ball
2-2: Foul Ball, location: 2F
2-2: SOLO HOME RUN (Flyball, 89XD), Distance : 425 ft
Batting: RHB Tim Richard 0-0: Called Strike
0-1: Swinging Strike
0-2: Ball
1-2: Ball
2-2: Foul Ball, location: 2F
2-2: Ball
3-2: Strikes out looking
Batting: RHB Carlos Rosa 0-0: Called Strike
0-1: Fly out, F5 (Popup, 56S)
Batting: RHB William Gilmore 0-0: Ball
1-0: Swinging Strike
1-1: Ground out 6-3 (Groundball, 56)
Bottom of the 2nd over - 1 run(s), 1 hit(s), 0 error(s), 0 left on base; Otsego HS 2 - Jeffersonville-Youngsville Central HS 1
TOP OF THE 3RD
Otsego HS Bulldogs batting - Pitching for Jeffersonville-Youngsville Central HS Trojans : RHP Dan McCullough
Batting: RHB Dave Marshall 0-0: Ball
1-0: Foul Ball, location: 2F
1-1: Swinging Strike
1-2: SINGLE (Groundball, 4MD)
Batting: LHB Bill Poe 0-0: Ground out U3 (Groundball, 3S)
Dave Marshall to second
Batting: SHB Dave Hickman 0-0: Ground out 4-3 (Groundball, 4)
Dave Marshall to third
Batting: LHB Dave Wilkinson 0-0: Ball
1-0: Called Strike
1-1: Called Strike
1-2: Ball
2-2: Strikes out looking
Top of the 3rd over - 0 run(s), 1 hit(s), 0 error(s), 1 left on base; Otsego HS 2 - Jeffersonville-Youngsville Central HS 1
BOTTOM OF THE 3RD
Jeffersonville-Youngsville Central HS Trojans batting - Pitching for Otsego HS Bulldogs : RHP Mike Spencer
Batting: RHB Mike Weeks 0-0: Swinging Strike
0-1: Ball
1-1: Foul Ball, location: 2F
1-2: Foul Ball, location: 2F
1-2: Foul Ball, location: 2F
1-2: Ball
2-2: Ground out 5-3 (Groundball, 5L)
Batting: LHB Roberto Martínez 0-0: Ball
1-0: Fly out, F7 (Line Drive, 7M)
Batting: RHB Albert Smedley 0-0: Called Strike
0-1: SINGLE (Groundball, 4D)
Batting: RHB Albert Hunt 0-0: Ball
1-0: Ball
2-0: Ball
3-0: Called Strike
3-1: Foul Ball, location: 2F
3-2: Ground out 5-3 (Groundball, 56)
Bottom of the 3rd over - 0 run(s), 1 hit(s), 0 error(s), 1 left on base; Otsego HS 2 - Jeffersonville-Youngsville Central HS 1
TOP OF THE 4TH
Otsego HS Bulldogs batting - Pitching for Jeffersonville-Youngsville Central HS Trojans : RHP Dan McCullough
Batting: RHB Michael Carr 0-0: Fly out, F9 (Flyball, 89M)
Batting: LHB José Serrano 0-0: Fly out, F5 (Popup, 5SF)
Batting: RHB Tim Anderson 0-0: Called Strike
0-1: SINGLE (Groundball, 56D)
Batting: RHB Tommy Miller 0-0: Swinging Strike
0-1: Ball
1-1: Foul Ball, location: 2F
1-2: Ball
2-2: Strikes out looking
Top of the 4th over - 0 run(s), 1 hit(s), 0 error(s), 1 left on base; Otsego HS 2 - Jeffersonville-Youngsville Central HS 1
BOTTOM OF THE 4TH
Jeffersonville-Youngsville Central HS Trojans batting - Pitching for Otsego HS Bulldogs : RHP Mike Spencer
Batting: LHB Abel Wheeler 0-0: Ball
1-0: Foul Ball, location: 2F
1-1: Fly out, F7 (Flyball, 7M)
Batting: LHB Allen Boyd 0-0: DOUBLE (Line Drive, 9LS)
Batting: RHB Tim Richard 0-0: Ball
Single, Error in OF, E8, batter to second base
Allen Boyd scores
Batting: RHB Carlos Rosa 0-0: Ball
1-0: SINGLE (Groundball, 6MD)
Tim Richard to third
Runner from 3rd tries for Home, SAFE, throw made home
Batting: RHB William Gilmore 0-0: Fly out, F7 (Flyball, 78S)
Batting: RHB Mike Weeks 0-0: Foul Ball, location: 2F
0-1: SINGLE (Groundball, 6M)
Carlos Rosa to second
Batting: LHB Roberto Martínez 0-0: Foul Ball, location: 2F
0-1: Ball
1-1: SINGLE (Groundball, 4MD)
Carlos Rosa to third
Mike Weeks to second
Runner from 3rd tries for Home, SAFE, no throw or cutoff
Batting: RHB Albert Smedley 0-0: Foul Ball, location: 2F
0-1: Foul Ball, location: 2F
0-2: SINGLE (Line Drive, 8RS)
Mike Weeks to third
Roberto Martínez to second
Runner from 3rd tries for Home, SAFE, no throw or cutoff
Batting: RHB Albert Hunt 0-0: Ground out U3 (Groundball, 3)
Bottom of the 4th over - 4 run(s), 6 hit(s), 1 error(s), 2 left on base; Otsego HS 2 - Jeffersonville-Youngsville Central HS 5
TOP OF THE 5TH
Otsego HS Bulldogs batting - Pitching for Jeffersonville-Youngsville Central HS Trojans : RHP Dan McCullough
Batting: RHB Jody Stewart 0-0: Hit by Pitch
Batting: RHB Dave Marshall 0-0: Called Strike
0-1: Fly out, F8 (Flyball, 8RD)
Batting: LHB Bill Poe 0-0: Called Strike
0-1: SINGLE (Groundball, 6M)
Jody Stewart to second
Batting: SHB Dave Hickman 0-0: Fly out, F3 (Line Drive, 3)
Batting: LHB Dave Wilkinson 0-0: SINGLE (Line Drive, 6MD)
Jody Stewart to third
Bill Poe to second
Runner from 3rd tries for Home, SAFE, no throw or cutoff
Batting: RHB Michael Carr 0-0: Foul Ball, location: 2F
0-1: Fielders Choice at 2nd, U6 (Groundball, 6M)
Top of the 5th over - 1 run(s), 2 hit(s), 0 error(s), 2 left on base; Otsego HS 3 - Jeffersonville-Youngsville Central HS 5
BOTTOM OF THE 5TH
Jeffersonville-Youngsville Central HS Trojans batting - Pitching for Otsego HS Bulldogs : RHP Mike Spencer
Batting: LHB Abel Wheeler 0-0: Ball
1-0: Called Strike
1-1: Called Strike
1-2: Ball
2-2: Ball
3-2: Strikes out swinging
Batting: LHB Allen Boyd 0-0: Called Strike
0-1: SINGLE (Line Drive, 78S)
Batting: RHB Tim Richard 0-0: Foul Ball, location: 2F
0-1: Ball
1-1: Called Strike
1-2: Ball
2-2: Ball
3-2: Foul Ball, location: 2F
3-2: Base on Balls
Allen Boyd to second
Pitching: RHP Jorge Alarcon
Batting: RHB Carlos Rosa 0-0: Ball
1-0: Ball
2-0: Called Strike
2-1: Ball
3-1: Base on Balls
Allen Boyd to third
Tim Richard to second
Batting: RHB William Gilmore 0-0: Ball
1-0: Ball
2-0: Called Strike
2-1: Ball
3-1: Swinging Strike
3-2: Strikes out swinging
Batting: RHB Mike Weeks 0-0: Called Strike
0-1: Ground out 4-3 (Groundball, 4)
Bottom of the 5th over - 0 run(s), 1 hit(s), 0 error(s), 3 left on base; Otsego HS 3 - Jeffersonville-Youngsville Central HS 5
TOP OF THE 6TH
Otsego HS Bulldogs batting - Pitching for Jeffersonville-Youngsville Central HS Trojans : RHP Dan McCullough
Batting: LHB José Serrano 0-0: Called Strike
0-1: Ball
1-1: Ball
2-1: Foul Ball, location: 2F
2-2: Foul Ball, location: 2F
2-2: Foul Ball, location: 2F
2-2: Ball
3-2: Ground out U3 (Groundball, 3)
Batting: RHB Tim Anderson 0-0: Ground out 4-3 (Groundball, 4)
Batting: RHB Tommy Miller 0-0: Called Strike
0-1: Fly out, F7 (Line Drive, 78M)
Top of the 6th over - 0 run(s), 0 hit(s), 0 error(s), 0 left on base; Otsego HS 3 - Jeffersonville-Youngsville Central HS 5
BOTTOM OF THE 6TH
Jeffersonville-Youngsville Central HS Trojans batting - Pitching for Otsego HS Bulldogs : RHP Jorge Alarcon
Batting: LHB Roberto Martínez 0-0: Called Strike
0-1: Swinging Strike
0-2: Strikes out swinging
Batting: RHB Albert Smedley 0-0: Foul Ball, location: 2F
0-1: Ball
1-1: Ball
2-1: Ball
3-1: Base on Balls
Batting: RHB Albert Hunt 0-0: Called Strike
0-1: Ball
1-1: Fly out, F6 (Popup, 6MS)
Batting: LHB Abel Wheeler 0-0: Ball
1-0: Ball
2-0: Ball
Wild Pitch!
Albert Smedley to second
3-0: Swinging Strike
3-1: Base on Balls
Batting: LHB Allen Boyd 0-0: Called Strike
0-1: Foul Ball, location: 2F
0-2: Ball
1-2: Ball
2-2: Foul Ball, location: 2F
2-2: Ball
3-2: Base on Balls
Albert Smedley to third
Abel Wheeler to second
Batting: RHB Tim Richard 0-0: Ball
1-0: Called Strike
1-1: Swinging Strike
1-2: Strikes out swinging
Bottom of the 6th over - 0 run(s), 0 hit(s), 0 error(s), 3 left on base; Otsego HS 3 - Jeffersonville-Youngsville Central HS 5
TOP OF THE 7TH
Otsego HS Bulldogs batting - Pitching for Jeffersonville-Youngsville Central HS Trojans : RHP Dan McCullough
Batting: RHB Jody Stewart 0-0: Ground out 4-3 (Groundball, 4)
Batting: RHB Dave Marshall 0-0: Foul Ball, location: 2F
0-1: Ball
1-1: Swinging Strike
1-2: Strikes out swinging
Batting: LHB Bill Poe 0-0: Swinging Strike
0-1: Foul Ball, location: 2F
0-2: Ball
1-2: Ball
2-2: Foul Ball, location: 2F
2-2: Strikes out swinging
Top of the 7th over - 0 run(s), 0 hit(s), 0 error(s), 0 left on base; Otsego HS 3 - Jeffersonville-Youngsville Central HS 5
BOTTOM OF THE 7TH
Jeffersonville-Youngsville Central HS Trojans batting - Pitching for Otsego HS Bulldogs : RHP Jorge Alarcon
Pitching: RHP Clint George
Batting: RHB Carlos Rosa 0-0: SINGLE (Line Drive, 7LM)
Batting: RHB William Gilmore 0-0: Ball
Carlos Rosa steals 2nd base
1-0: Called Strike
1-1: Fly out, F7 (Line Drive, 78M)
Batting: RHB Mike Weeks 0-0: Ball
1-0: Called Strike
1-1: Ball
2-1: Foul Ball, location: 2F
2-2: Foul Ball, location: 2F
2-2: Strikes out looking
Batting: LHB Roberto Martínez 0-0: Called Strike
0-1: Called Strike
0-2: Strikes out swinging
Bottom of the 7th over - 0 run(s), 1 hit(s), 0 error(s), 1 left on base; Otsego HS 3 - Jeffersonville-Youngsville Central HS 5
TOP OF THE 8TH
Otsego HS Bulldogs batting - Pitching for Jeffersonville-Youngsville Central HS Trojans : RHP Dan McCullough
Pitching: LHP Martín Sandoval
Batting: SHB Dave Hickman 0-0: Called Strike
0-1: SINGLE (Line Drive, 78S)
Batting: LHB Dave Wilkinson 0-0: Ball
1-0: Ball
2-0: Ball
3-0: Called Strike
Balk!
Dave Hickman to second
3-1: Called Strike
3-2: Strikes out swinging
Pitching: RHP Max Shepard
Batting: RHB Michael Carr 0-0: Reached on error, E5 (Groundball, 5L)
Dave Hickman to third
Pitching: LHP Rich Marshall
Batting: LHB José Serrano 0-0: Ground out 4-3 (Groundball, 4S)
Dave Hickman scores
Michael Carr to second
Pitching: RHP Marty Ford
Batting: RHB Tim Anderson 0-0: DOUBLE (Line Drive, 89M)
Michael Carr scores
Batting: RHB Tommy Miller 0-0: Ball
1-0: Called Strike
1-1: Swinging Strike
1-2: Strikes out looking
Top of the 8th over - 2 run(s), 2 hit(s), 1 error(s), 1 left on base; Otsego HS 5 - Jeffersonville-Youngsville Central HS 5
BOTTOM OF THE 8TH
Jeffersonville-Youngsville Central HS Trojans batting - Pitching for Otsego HS Bulldogs : RHP Clint George
Batting: RHB Albert Smedley 0-0: Called Strike
0-1: Ball
1-1: Called Strike
1-2: Foul Ball, location: 2F
1-2: Ball
2-2: Foul Ball, location: 2F
2-2: Ground out 5-3 (Groundball, 56)
Batting: RHB Albert Hunt 0-0: Ball
1-0: Ground out 5-3 (Groundball, 6)
Batting: LHB Abel Wheeler 0-0: Ball
1-0: Swinging Strike
1-1: Called Strike
1-2: Foul Ball, location: 2F
1-2: Foul Ball, location: 2F
1-2: Strikes out looking
Bottom of the 8th over - 0 run(s), 0 hit(s), 0 error(s), 0 left on base; Otsego HS 5 - Jeffersonville-Youngsville Central HS 5
TOP OF THE 9TH
Otsego HS Bulldogs batting - Pitching for Jeffersonville-Youngsville Central HS Trojans : RHP Marty Ford
Pitching: RHP Emílio Marín
Batting: RHB Jody Stewart 0-0: Called Strike
0-1: Ball
1-1: Foul Ball, location: 2F
1-2: Ball
2-2: Strikes out swinging
Batting: RHB Dave Marshall 0-0: Called Strike
0-1: Foul Ball, location: 2F
0-2: Ball
1-2: SOLO HOME RUN (Flyball, 7D), Distance : 405 ft
Batting: LHB Bill Poe 0-0: Called Strike
0-1: TRIPLE (Line Drive, 7LM)
Batting: SHB Dave Hickman 0-0: Foul Ball, location: 2F
0-1: Ball
1-1: SINGLE (Line Drive, 78S)
Bill Poe scores
Batting: LHB Dave Wilkinson 0-0: Ball
1-0: Fly out, F4 (Popup, 34)
Batting: RHB Michael Carr 0-0: Foul Ball, location: 2F
0-1: Ball
1-1: Ball
2-1: SINGLE (Groundball, 6)
Dave Hickman to second
Batting: LHB José Serrano 0-0: Called Strike
0-1: Ball
1-1: Reached on Error, E5 (Popup, 56)
Dave Hickman to third
Michael Carr to second
Batting: RHB Tim Anderson 0-0: Called Strike
0-1: DOUBLE (Line Drive, 8RM)
Dave Hickman scores
Michael Carr scores
José Serrano to third
Pitching: RHP Victor Justice
Batting: RHB Tommy Miller 0-0: SINGLE (Line Drive, 7M)
José Serrano scores
Tim Anderson to third
Batting: RHB Jody Stewart 0-0: SINGLE (Line Drive, 9S)
Tim Anderson scores
Tommy Miller to second
Batting: RHB Dave Marshall 0-0: Ball
1-0: Ball
2-0: Ball
3-0: Called Strike
3-1: Base on Balls
Tommy Miller to third
Jody Stewart to second
Batting: LHB Bill Poe 0-0: Swinging Strike
0-1: Ground out 6-3 (Groundball, 6)
Top of the 9th over - 6 run(s), 7 hit(s), 1 error(s), 3 left on base; Otsego HS 11 - Jeffersonville-Youngsville Central HS 5
BOTTOM OF THE 9TH
Jeffersonville-Youngsville Central HS Trojans batting - Pitching for Otsego HS Bulldogs : RHP Clint George
Now in LF: Mike Tate
Batting: LHB Allen Boyd 0-0: Ball
1-0: Ball
2-0: Called Strike
2-1: Ball
3-1: Base on Balls
Batting: RHB Tim Richard 0-0: Foul Ball, location: 2F
0-1: Foul Ball, location: 2F
0-2: Reached on error, E4 (Groundball, 4)
Allen Boyd to second
Batting: RHB Carlos Rosa 0-0: Called Strike
0-1: Ball
1-1: SINGLE (Groundball, 6MD)
Allen Boyd to third
Tim Richard to second
Pitching: RHP Robinson Jiménez
Batting: RHB William Gilmore 0-0: Called Strike
0-1: Swinging Strike
0-2: Foul Ball, location: 2F
0-2: Foul Ball, location: 2F
0-2: Ball
1-2: Strikes out swinging
Batting: RHB Mike Weeks 0-0: Ball
1-0: Called Strike
1-1: Called Strike
1-2: Foul Ball, location: 2F
1-2: Ball
2-2: Ball
3-2: Base on Balls
Allen Boyd scores
Tim Richard to third
Carlos Rosa to second
Pitching: RHP Larry Simonds
Batting: LHB Roberto Martínez 0-0: Called Strike
0-1: Ball
1-1: Ball
2-1: Ball
3-1: Fielders Choice at 2nd, 4-6 (Groundball, 4)
Tim Richard scores
Carlos Rosa to third
Batting: RHB Albert Smedley 0-0: Called Strike
0-1: Ball
1-1: Foul Ball, location: 2F
1-2: Ball
2-2: Ball
3-2: Base on Balls
Roberto Martínez to second
Batting: RHB Albert Hunt 0-0: SINGLE (Groundball, 56D)
Carlos Rosa scores
Roberto Martínez to third
Albert Smedley to second
Runner from 3rd tries for Home, SAFE, no throw or cutoff
Batting: LHB Abel Wheeler 0-0: Foul Ball, location: 2F
0-1: Foul Ball, location: 2F
0-2: Ball
1-2: Ball
2-2: Fly out, F8 (Flyball, 8LM)
Bottom of the 9th over - 4 run(s), 2 hit(s), 1 error(s), 2 left on base; Otsego HS 11 - Jeffersonville-Youngsville Central HS 9
Monday, December 5th, 2016 - OOTP Baseball 17.12 Build 75